 Dungeon Crawl Stone Soup version 0.19.1 (webtiles) character file.

6422 Leibowitz the Cutter (level 10, 0/124 HPs)
             Began as a Demigod Gladiator on Nov 26, 2016.
             Slain by an eight-headed hydra (13 damage)
             ... on level 1 of the Lair of Beasts.
             The game lasted 00:33:30 (11636 turns).

Leibowitz the Cutter (Demigod Gladiator)           Turns: 11636, Time: 00:33:31

Health: 0/124      AC:  5    Str: 23    XL:     10   Next: 40%
Magic:  21/21      EV: 17    Int: 12    God:
Gold:   576        SH:  7    Dex: 24    Spells: 1 memorised, 18 levels left

rFire  . . .     SeeInvis .     (no weapon)
rCold  + . .     Gourm    .     q - -1 robe (curse)
rNeg   + . .     Faith    .     l - +1 buckler
rPois  .         Spirit   .     c - +0 helmet
rElec  .         Reflect  .     m - +0 cloak
rCorr  .         Harm     .     (no gloves)
MR     +....                    (no boots)
Stlth  ..........               t - amulet of rage
                                A - ring of protection from cold
                                E - ring of positive energy

@: berserking, very quick
A: thin metallic scales 1, agile 1, high mp 1, screaming 1, evolution 1, subdued
magic 1
a: Evoke Berserk Rage


You were on level 1 of the Lair of Beasts.
You were very hungry.

You visited 2 branches of the dungeon, and saw 11 of its levels.

You collected 576 gold pieces.

Inventory:

Hand Weapons
 a - a +2 dagger of venom
 i - a +0 dagger of freezing
 k - a +0 blowgun
 x - a +0 giant club
 G - a +0 rapier
Missiles
 d - 5 throwing nets (quivered)
 h - 6 needles of confusion
 p - 30 poisoned needles
Armour
 b - a +0 leather armour
 c - a +0 helmet (worn)
 l - a +1 buckler (worn)
 m - a +0 cloak (worn)
 q - a cursed -1 robe (worn)
Jewellery
 t - an amulet of rage (around neck)
 A - a ring of protection from cold (right hand)
 E - a ring of positive energy (left hand)
Wands
 w - a wand of confusion (5/48)
Scrolls
 j - 5 scrolls of remove curse
 n - 8 scrolls of identify
 y - 2 scrolls of recharging
 C - 3 scrolls of teleportation
 F - a scroll of amnesia
 H - a scroll of summoning
Potions
 e - a potion of ambrosia
 g - 3 potions of magic
 o - 7 potions of curing
 u - 2 potions of flight
 z - a potion of haste
 D - 2 potions of brilliance
Books
 v - a book of Misfortune

   Spells                             Type                      Level
   a - Confusing Touch                Hexes                        1
   b - Confuse                        Hexes                        3
   c - Gell's Gravitas                Hexes/Translocation          3
   d - Petrify                        Transmutation/Earth          4
   e - Metabolic Englaciation         Hexes/Ice                    5
   f - Yara's Violent Unravelling     Hexes/Transmutation          5
 I - a book of Cantrips

   Spells                             Type                      Level
   a - Confusing Touch                Hexes                        1
   b - Animate Skeleton               Necromancy                   1
   c - Summon Small Mammal            Summoning                    1
   d - Apportation                    Translocation                1
Comestibles
 f - 6 bread rations
 r - a slice of pizza
 s - 7 beef jerkies
 B - 6 meat rations


   Skills:
 * Level 6.1 Fighting
 + Level 6.9 Short Blades
 + Level 1.9 Throwing
 + Level 2.0 Armour
 * Level 6.0 Dodging
 * Level 6.5 Stealth
 + Level 2.9 Shields
 * Level 5.2 Spellcasting
 * Level 5.3 Hexes


You had 18 spell levels left.
You knew the following spells:

 Your Spells              Type           Power        Failure   Level  Hunger
a - Confusing Touch       Hex            ##....       1%          1    None


Dungeon Overview and Level Annotations

Branches:
Dungeon (10/15)            Temple (0/1) D:5            Lair (1/6) D:9
    Orc: D:9-12

Annotations:
D:8 Gastronok


Innate Abilities, Weirdness & Mutations

You have an increased reservoir of magic. (+10% MP)
You are partially covered in thin metallic scales. (AC +2)
You are agile. (Dex +2)
You occasionally shout uncontrollably at your foes.
You evolve.
Your spells are a little easier to cast, but a little less powerful.


Message History

You block the eight-headed hydra's attack.
The eight-headed hydra closely misses you.
The eight-headed hydra barely misses you.
You block the eight-headed hydra's attack.
The eight-headed hydra barely misses you.
The eight-headed hydra closely misses you.
You block the eight-headed hydra's attack.
You hit the eight-headed hydra.
The eight-headed hydra is heavily wounded.
You barely miss the eight-headed hydra.
The eight-headed hydra is heavily wounded.
The eight-headed hydra bites you!
* * * LOW HITPOINT WARNING * * *
The eight-headed hydra closely misses you.
The eight-headed hydra bites you.
* * * LOW HITPOINT WARNING * * *
The eight-headed hydra misses you.
The eight-headed hydra barely misses you.
The eight-headed hydra bites you!
You die...

...........# ##...#
........... ##....
.......... #.....
.........# ##....
........?# #...#
..###...## #...#
.........# # #....#
.......D#####..#
##...#
..##P..@........
#...# .
#............ .....
##...##P###.# ...#
#....### #..
##....# #.
####P...#### # .
........PP.## .. .#
............# .
######...##.#####.#


You could see an eight-headed hydra.

Vanquished Creatures
  2 spiny frogs (Lair:1)
  2 trolls (D:9)
  Prince Ribbit (D:5)
  A hungry ghost (D:7)
  A basilisk (Lair:1)
  Menkaure (D:5)
  3 wargs (D:9)
  2 porcupines (Lair:1)
  2 sky beasts
  An ice beast (D:9)
  A black bear (D:9)
  4 orc warriors
  2 necrophages
  2 centaurs
  A phantom (D:5)
  7 ogres
  2 big kobolds (D:7)
  8 bullfrogs
  A scorpion (D:9)
  7 killer bees (D:9)
  4 howler monkeys
  7 crimson imps
  A bullfrog zombie (D:7)
  4 orc priests (D:9)
  A quasit (D:8)
  5 hounds
  2 jellies
  2 bullfrog skeletons
  3 centaur skeletons
  An iguana (D:6)
  13 orc wizards
  A worker ant (D:4)
  A killer bee zombie (D:9)
  A hound zombie (D:6)
  A hound skeleton (D:7)
  A worker ant zombie (D:6)
  3 gnolls
  9 adders
  3 shadow imps
  An ooze (D:6)
  An adder zombie (D:10)
  2 adder skeletons
  2 worms (D:3)
  3 dart slugs
  4 leopard geckos
  45 orcs
  9 giant cockroaches
  7 goblins
  8 hobgoblins
  17 jackals
  9 kobolds
  2 quokkas
  9 bats
  2 frilled lizards
  A jackal skeleton (D:4)
  A leopard gecko zombie (D:5)
  2 rats
239 creatures vanquished.

Vanquished Creatures (others)
  An orc wizard (D:6)
1 creature vanquished.

Grand Total: 240 creatures vanquished

Notes
Turn   | Place    | Note
-------+----------+-------------------------------------------
     0 | D:1      | Leibowitz the Demigod Gladiator began the quest for the Orb.
     0 | D:1      | Reached XP level 1. HP: 17/17 MP: 3/3
   325 | D:1      | Reached XP level 2. HP: 11/24 MP: 4/4
  1051 | D:2      | Reached skill level 1 in Stealth
  1182 | D:2      | Reached XP level 3. HP: 28/29 MP: 5/5
  1609 | D:3      | Reached XP level 4. HP: 29/37 MP: 6/6
  1731 | D:3      | Learned a level 1 spell: Confusing Touch
  2038 | D:4      | Noticed an ogre
  2052 | D:4      | Killed an ogre
  2052 | D:4      | Reached skill level 1 in Armour
  2052 | D:4      | Reached skill level 1 in Spellcasting
  2052 | D:4      | Reached skill level 1 in Hexes
  2052 | D:4      | Reached XP level 5. HP: 42/42 MP: 4/9
  2373 | D:4      | Reached skill level 1 in Shields
  2374 | D:4      | Noticed an air elemental
  2495 | D:4      | Found a stormy altar of Qazlal.
  2496 | D:4      | Noticed a fire elemental
  2496 | D:4      | Noticed a water elemental
  2509 | D:4      | Reached XP level 6. HP: 44/50 MP: 11/11
  3065 | D:5      | Entered Level 5 of the Dungeon
  3132 | D:5      | Found a staircase to the Ecumenical Temple.
  3272 | D:5      | Reached XP level 7. HP: 18/56 MP: 13/13
  3582 | D:5      | Noticed Menkaure
  3614 | D:5      | Killed Menkaure
  3713 | D:5      | Noticed Prince Ribbit
  3731 | D:5      | Killed Prince Ribbit
  4332 | D:5      | Reached XP level 8. HP: 66/66 MP: 15/15
  4544 | D:6      | Reached skill level 5 in Short Blades
  6574 | D:7      | Reached XP level 9. HP: 48/73 MP: 18/18
  7009 | D:7      | Reached skill level 5 in Fighting
  7280 | D:7      | Reached skill level 5 in Dodging
  7814 | D:8      | Gained mutation: You are partially covered in thin metallic scales. (AC +2) [potion of beneficial mutation]
  7815 | D:8      | Gained mutation: You occasionally shout uncontrollably at your foes. [potion of mutation]
  7815 | D:8      | Gained mutation: You evolve. [potion of mutation]
  7815 | D:8      | Gained mutation: Your spells are a little easier to cast, but a little less powerful. [potion of mutation]
  7917 | D:8      | Noticed Gastronok
  8285 | D:8      | Found a sparkling altar of Nemelex Xobeh.
  8949 | D:9      | Found a staircase to the Lair.
  9688 | D:9      | Reached skill level 5 in Stealth
 10355 | D:9      | Reached skill level 5 in Hexes
 10355 | D:9      | Reached XP level 10. HP: 34/83 MP: 20/20
 10381 | D:9      | Gained mutation: You are agile. (Dex +2) [evolution]
 11062 | D:10     | Entered Level 10 of the Dungeon
 11230 | Lair:1   | Entered Level 1 of the Lair of Beasts
 11237 | Lair:1   | Reached skill level 5 in Spellcasting
 11617 | Lair:1   | Noticed an eight-headed hydra
 11636 | Lair:1   | Slain by an eight-headed hydra

Skill      XL: |  1  2  3  4  5  6  7  8  9 10 |
---------------+-------------------------------+-----
Fighting       | 2 3 4 5 6 |  6.1
Short Blades   | 3 4 5 6 |  6.9
Stealth        | 1 2 3 4 5 6 |  6.5
Dodging        | 3 4 5 6 |  6.0
Armour         | 1 2 |  2.0
Spellcasting   | 1 2 3 4 5 |  5.2
Hexes          | 1 2 3 4 5 |  5.3
Shields        | 1 2 |  2.9
Throwing       | |  1.9

Action                   |  1- 3 |  4- 6 |  7- 9 | 10-12 || total
-------------------------+-------+-------+-------+-------++-------
Melee: Rapier            |    95 |   207 |   656 |       ||   958
       Dagger            |    65 |       |    29 |   116 ||   210
       Unarmed           |       |    10 |    49 |    12 ||    71
 Fire: Blowgun           |       |       |     8 |       ||     8
Throw: Throwing net      |       |     3 |       |       ||     3
 Cast: Confusing Touch   |       |     7 |    36 |     6 ||    49
 Abil: Evoke Berserk Rag |       |       |     1 |     1 ||     2
Evoke: Wand              |       |       |     1 |     2 ||     3
  Use: Scroll            |     5 |     1 |    10 |     1 ||    17
       Potion            |       |       |    13 |       ||    13
 Stab: Sleeping          |     2 |       |     5 |     7 ||    14
       Confused          |       |     1 |    26 |     7 ||    34
       Distracted        |       |       |     1 |       ||     1
  Eat: Chunk             |     2 |     6 |    24 |     4 ||    36
       Beef jerky        |       |       |     2 |       ||     2
Armor: Leather armour    |    45 |    30 |    21 |       ||    96
       Robe              |       |       |    51 |     8 ||    59
Dodge: Dodged            |    77 |   102 |   365 |    97 ||   641
Block: Buckler           |    29 |    36 |   187 |    41 ||   293
